 Dungeon Crawl Stone Soup version 0.26.1-2-gb8aa6d0cf2 (webtiles) character file.

Game seed: 12106166522322037466

400 Phaedo the Sneak (level 6, 0/51 HPs)
             Began as a Demigod Delver on Mar 25, 2021.
             Killed by nerve-wracking pain
             ... invoked by an orc priest
              (11 damage)
             ... on level 3 of the Dungeon.
             The game lasted 00:09:26 (4159 turns).

Phaedo the Sneak (Demigod Delver)                   Turns: 4159, Time: 00:09:27

Health: 0/51       AC:  7    Str: 15    XL:     6   Next: 28%
Magic:  8/8        EV: 13    Int: 18    God:
Gold:   179        SH:  0    Dex: 17    Spells: 5/5 levels left

rFire    . . .     SeeInvis .   f - +0 broad axe
rCold    . . .     Faith    .   (no shield)
rNeg     . . .     Spirit   .   b - +1 leather armour
rPois    .         Reflect  .   (no helmet)
rElec    .         Harm     .   s - +0 cloak
rCorr    .         Rampage  .   v - +1 pair of gloves
Will     .....                  (no boots)
Stlth    +++.......             (no amulet)
HPRegen  0.17/turn              (no ring)
MPRegen  0.11/turn              (no ring)

@: no status effects
A: high mp 1
a: no special abilities


You were on level 3 of the Dungeon.
You visited 1 branch of the dungeon, and saw 5 of its levels.

You collected 179 gold pieces.

Inventory:

Hand Weapons
 a - a +0 mace
 f - a +0 broad axe (weapon)
 n - a +0 dagger of venom
Missiles
 i - 123 stones
 m - 7 boomerangs
 r - 14 poisoned darts (quivered)
Armour
 b - a +1 leather armour (worn)
 s - a +0 cloak (worn)
 v - a +1 pair of gloves (worn)
Jewellery
 q - a +4 ring of slaying {unknown}
 x - a cursed ring of attention {unknown}
Wands
 g - a wand of digging (1)
Scrolls
 c - a scroll of fog
 d - 2 scrolls of magic mapping
 e - a scroll of fear
 h - 4 scrolls of amnesia {unknown}
 o - a scroll of remove curse {unknown}
 p - 2 scrolls of teleportation {unknown}
 t - a scroll of enchant weapon {unknown}
Potions
 j - a potion of degeneration
 k - 2 potions of haste
 l - a potion of lignification
 u - a potion of heal wounds
 w - a potion of curing {unknown}


   Skills:
 + Level 3.6 Fighting
 * Level 3.0(3.4) Axes
 - Level 2.1(2.9) Maces & Flails
 - Level 0.7 Armour
 + Level 3.0 Dodging
 + Level 5.9 Stealth


You had 5 spell levels left.
You didn't know any spells.
Your spell library contained the following spells:

 Spells                   Type           Power        Failure   Level
 Magic Dart               Conj           0%           26%         1
 Searing Ray              Conj           0%           38%         2
 Dazzling Flash           Conj/Hex       0%           63%         3
 Fulminant Prism          Conj/Hex       0%           95%         4
 Iskenderun's Mystic Bla  Conj/Tloc      0%           95%         4


Dungeon Overview and Level Annotations

Branches:
Dungeon (5/15)
 Temple: D:4-7

Shops:
D:4 =

Annotations:
D:4 exclusions: jackal and worker ant


Innate Abilities, Weirdness & Mutations

You have an increased reservoir of magic. (+10% MP)


Message History

The orc priest closely misses you.
You slash the orc priest!
You kill the orc priest!
Your Axes skill increases to level 3!
Things that are here:
a +0 hand axe; an orc corpse An orc priest is nearby!
The orc priest looks satisfied for a moment.
You closely miss the orc priest. The orc priest hits you with a +0 club.
You closely miss the orc priest. The orc priest misses you.
The orc priest closely misses you.
You closely miss the orc priest.
The orc priest calls down the wrath of Beogh upon you.
Beogh smites you!
You closely miss the orc priest.
The orc priest hits you with a +0 club. x2
* * * LOW HITPOINT WARNING * * *
You hit the orc priest but do no damage.
The orc priest mumbles some strange prayers to Beogh against you.
Pain shoots through your body!
You die...

#.........# #...... #.........#
#...... #.........# #......
##........(##########...... .
..>.^..............'......
..#####........##....).##......
..........##.#.##......########
.....#...((....)'...)..'.......
#..........##@##).....##......
....#(.....##o##########......
............##......# #......
.....#......##......# #......
....<........'......# #...[>.
.......o.....#......# #......
......o.#'####......# #######
#.......... #......#
........... #......#


You could see an orc priest.

Vanquished Creatures
  An ogre (D:2)
  An orc priest (D:3)
  Crazy Yiuf (D:2)
  A bullfrog skeleton (D:5)
  Jessica (D:2)
  Natasha (thrice) (D:2)
  An adder (D:2)
  4 gnolls (D:3)
  An ooze (D:2)
  2 worms (D:2)
  A dart slug (D:1)
  2 leopard geckos
  3 orcs (D:3)
  A giant cockroach (D:2)
  8 goblins
  7 hobgoblins
  2 jackals
  7 quokkas
  6 bats
  6 frilled lizards
  9 kobolds
  4 rats
72 creatures vanquished.

Notes
Turn   | Place    | Note
-------+----------+-------------------------------------------
     0 | D:5      | Phaedo the Demigod Delver began the quest for the Orb.
     0 | D:5      | Reached XP level 1. HP: 18/18 MP: 3/3
    33 | D:5      | Reached skill level 5 in Stealth
    33 | D:5      | Reached XP level 2. HP: 23/25 MP: 4/4
    81 | D:4      | Found a glowing silver altar of Zin.
    83 | D:4      | Found a hide-covered altar of Uskayaw.
   230 | D:4      | Found Hehannul's Jewellery Emporium.
   234 | D:3      | Noticed an ogre
   469 | D:1      | Reached XP level 3. HP: 9/30 MP: 5/5
  1984 | D:2      | Noticed Jessica
  1989 | D:2      | Killed Jessica
  1990 | D:2      | Reached skill level 1 in Axes
  1990 | D:2      | Reached XP level 4. HP: 32/37 MP: 6/6
  2044 | D:2      | Noticed Natasha
  2049 | D:2      | Killed Natasha
  2134 | D:2      | Noticed Natasha
  2148 | D:2      | Killed Natasha
  2289 | D:2      | Noticed Natasha
  2301 | D:2      | Killed Natasha
  2302 | D:2      | Reached XP level 5. HP: 16/45 MP: 7/7
  2902 | D:2      | Found a runed translucent door.
  2903 | D:2      | Noticed Crazy Yiuf
  2912 | D:2      | Killed Crazy Yiuf
  3880 | D:2      | Killed an ogre
  3881 | D:2      | Reached XP level 6. HP: 23/51 MP: 8/8
  4159 | D:3      | Killed from afar by an orc priest

Illustrated notes

Levels and vault maps discovered:
D:1:      dpeg_arrival_rooms_c, layout_basic, minmay_heptomino_w4
D:2:      minmay_general_purpose_star, layout_rooms, uniq_natasha, uniq_jessica,
          uniq_crazy_yiuf_cottage
D:3:      layout_basic
D:4:      layout_layer_cave, kb_xom_exploding_sheep,
          nicolae_overflow_hidden_temple, cheibrodos_ashenzari_chains,
          serial_shops, nicolae_shop_stone
D:5:      layout_basic, kennysheep_mini_moat, tgw_sif,
          minmay_temple_entry_statues_fountains, serial_shops, shop,
          grunt_ministairs_6

Skill      XL: |  1  2  3  4  5  6 |
---------------+-------------------+-----
Maces & Flails | 2 |  2.1
Stealth        | 5 |  5.9
Dodging        | 2 3 |  3.0
Axes           | 1 2 3 |  3.0
Fighting       | 3 |  3.6
Armour         | |  0.7

Action                   |  1- 3 |  4- 6 || total
-------------------------+-------+-------++-------
Melee: Mace              |    75 |       ||    75
       Dagger            |    35 |   129 ||   164
       Broad axe         |       |    27 ||    27
Throw: Stone             |     4 |       ||     4
       Boomerang         |       |     4 ||     4
       Dart              |       |     5 ||     5
Evoke: Wand              |       |     2 ||     2
  Use: Potion            |     2 |     1 ||     3
       Scroll            |     2 |     2 ||     4
 Stab: Sleeping          |     3 |     4 ||     7
Armor: Leather armour    |    41 |    31 ||    72
Dodge: Dodged            |    93 |   103 ||   196
